Danei, neutral female human Priestess ------------ ------- ----- |..........| |.....| |.o.| |..........| #-.....| |.oo| |...>....*.| ###|.....| ..o@| |..........|######......| -|--- |..........|#### |.<...| ## --.---------######......| #### ########################## ------- ################# ### ### # # -.---------- # ###--.-- +.{........|### #..*.| |...........# |.... +..........| |.(.| ------------ ----- Danei the Adept Experience level: 8 Strength: 8 Dexterity: 14 Constitution: 17 Intelligence: 9 Wisdom: 18 Charisma: 10 Health: 5(56) Energy: 75(95) AC: 4 Gold: 1484 Moves: 4429 Your Inventory: Coins $ - 1484 gold pieces Weapons M - an uncursed [+0] hooked polearm [bill-guisarme] (weapon in hands) Armor b - a cursed burnt +0 robe (being worn) c - an uncursed +0 small shield q - an uncursed +0 pair of speed boots (being worn) r - an uncursed +0 pair of leather gloves (being worn) u - a blessed thoroughly rusty +3 iron skull cap [orcish helm] (being worn) Comestibles m - an uncursed tripe ration z - 2 uncursed food rations Scrolls N - a cursed scroll labeled ZELGO MER [of enchant weapon] Spellbooks g - an uncursed spellbook of light n - a blessed spellbook of detect monsters K - an uncursed spellbook of create monster Potions F - an uncursed potion of water Wands o - an uncursed wand of secret door detection [0:12] t - an uncursed wand of slow monster [0:5] Tools l - an uncursed towel s - an uncursed [oil] lamp y - an uncursed key [skeleton key] J - an uncursed [+0] pick-axe Spells known in the end: Name Level Category Fail Memory a - light 1 divination 0% [|||||||.] b - create monster 2 clerical 0% [|||||||.] c - detect monsters 1 divination 0% [||||||||] Your skills at the end: Fighting Skills Weapon Skills mace [Skilled / Expert] Spellcasting Skills divination spells [Basic / Expert] clerical spells [Basic / Expert] Final Attributes: You were piously aligned. Hunger level was 540. Your alignment was 29 / 32. Monster difficulty range was 1 - 8. Level difficulty was 8. You were punished. You were telepathic. You were very fast. You were extremely unlucky (-10). You survived. Vanquished creatures: a small mimic a wolf a leprechaun a giant spider a rust monster a gold golem a dwarf lord an imp a wood nymph a mountain nymph 4 Mordor orcs 2 enormous rats a pony a fog cloud 2 yellow lights 2 shriekers 6 gnome lords 2 gnomish wizards 2 floating eyes 11 dwarves a rothe a centipede a giant bat an orc zombie a coyote 3 hobbits 8 manes a large kobold a hobgoblin 3 giant rats a yellow mold a green mold a red mold 46 gnomes 4 garter snakes 2 geckos 3 jackals a fox a kobold a goblin 3 sewer rats 2 newts 130 creatures vanquished. Voluntary challenges: You used a wielded weapon 239 times. You read items or engraved 389 times. You put on armor 7 times. You never genocided any monsters. You never polymorphed an object. You never changed form. You used no wishes. You wrote Elbereth's name 249 times. You never encountered a bones level. You never used any Sokoban shortcuts. Dungeon overview: The Dungeons of Doom: levels 1 to 8 Level 1 a long staircase Level 2 an altar Level 3 a fountain Level 4 a general store, some fountains stairs to The Gnomish Mines Level 5 some fountains Level 8 <- You were here an altar, a fountain The Gnomish Mines: levels 5 to 8 Level 5 stairs to The Dungeons of Doom Level 8 many shops, some fountains History has recorded: On T:1 you entered the Dungeons of Doom to retrieve the Amulet of Yendor! On T:522 you reached level 2 of The Dungeons of Doom. On T:592 you advanced to experience level 2. On T:769 you advanced to experience level 3. On T:827 you reached level 3 of The Dungeons of Doom. On T:1284 you reached level 4 of The Dungeons of Doom. On T:1326 you advanced to experience level 4. On T:1423 you advanced to experience level 5. On T:1630 you reached level 5 of The Dungeons of Doom. On T:1713 you advanced to experience level 6. On T:1959 you reached level 1 of The Gnomish Mines. On T:1998 you advanced to experience level 7. On T:2251 you reached level 2 of The Gnomish Mines. On T:2744 you advanced to experience level 8. On T:2871 you reached level 3 of The Gnomish Mines. On T:3330 you reached level 4 of The Gnomish Mines. On T:3828 you reached level 6 of The Dungeons of Doom. On T:4088 you reached level 7 of The Dungeons of Doom. On T:4284 you reached level 8 of The Dungeons of Doom. Latest messages: Hello Danei, the human Priestess, welcome back to DynaHack! You make a motion towards the altar with your fingers. A voice (could it be Quetzalcoatl?) whispers: "Thou shalt pay, infidel!" You make a motion towards the altar with your fingers. A voice (could it be Quetzalcoatl?) whispers: "Thou shalt pay, infidel!" You make a motion towards the altar with your fingers. A voice (could it be Quetzalcoatl?) whispers: "Thou shalt pay, infidel!" Final status: Goodbye Danei the Priestess... You quit in The Dungeons of Doom on dungeon level 8 with 1834 points, and 1484 pieces of gold, after 4429 moves. You were level 8 with a maximum of 56 hit points when you quit.